 Dungeon Crawl Stone Soup version 0.26-a0-1213-gd52f5182fe (webtiles) character file.

Game seed: 7549764356545891828

12481 stormannn the Brawler (level 11, -6/93 HPs)
             Began as a Ghoul Fighter on Dec 30, 2020.
             Was an Elder of Hepliaklqana.
             Mangled by a cyclops (29 damage)
             ... on level 12 of the Dungeon.
             The game lasted 00:24:32 (13492 turns).

stormannn the Brawler (Ghoul Fighter)              Turns: 13492, Time: 00:24:37

Health: -6/93      AC: 11    Str: 24    XL:     11   Next: 94%
Magic:  9/13       EV:  7    Int:  3    God:    Hepliaklqana [****..]
Gold:   772        SH:  9    Dex: 14    Spells: 10/10 levels left

rFire    . . .     SeeInvis .     - Unarmed
rCold    + . .     Faith    .   b - +0 kite shield
rNeg     + + +     Spirit   .   a - +0 scale mail
rPois    ∞         Reflect  .   k - +1 hat
rElec    .         Harm     .   (no cloak)
rCorr    +         Rampage  .   J - +0 pair of gloves
Will     .....                  e - +2 pair of boots
Stlth    ..........             (no amulet)
HPRegen  0.00/turn              v - +6 ring of dexterity
MPRegen  0.13/turn              u - ring of resist corrosion

@: slowed, very slow
A: reduced essence, claws 1, cold resistance 1, negative energy resistance 3,
inhibited regeneration, torment resistance, unbreathing
a: Renounce Religion, Recall Ancestor, Ancestor Identity, Transference, Idealise


You were on level 12 of the Dungeon.
You worshipped Hepliaklqana.
Hepliaklqana was greatly pleased with you.
You visited 1 branch of the dungeon, and saw 12 of its levels.
You also visited: Ossuary and Bailey.

You collected 959 gold pieces.
You spent 187 gold pieces at shops.

Inventory:

Hand Weapons
 h - the +8 Wrath of Trog {antimagic, *Rage}
   (You found it on level 5 of the Dungeon)

   It reduces the magical energy of the wielder, and disrupts the spells and
   magical abilities of those hit.
   Natural abilities and divine invocations are not affected.
   It may make you go berserk in combat.
Armour
 a - a +0 scale mail (worn)
 b - a +0 kite shield (worn)
 e - a +2 pair of boots (worn)
 k - a +1 hat (worn)
 J - a +0 pair of gloves (worn)
Jewellery
 c - an uncursed ring of wizardry
 u - a ring of resist corrosion (right hand)
 v - a +6 ring of dexterity (left hand)
Wands
 m - a wand of iceblast (21)
 n - a wand of disintegration (16)
 w - a wand of random effects (15)
 D - a wand of enslavement (9)
 H - a wand of paralysis (8)
Scrolls
 g - 11 scrolls of teleportation
 i - 9 scrolls of identify
 j - a scroll of fear
 o - 3 scrolls of remove curse
 p - a scroll of acquirement {unknown}
 q - 4 scrolls of amnesia
 t - 2 scrolls of magic mapping
 y - 3 scrolls of immolation
 E - 2 scrolls of enchant armour {unknown}
 F - 2 scrolls of torment {unknown}
 G - a scroll of blinking
 K - a scroll of fog
Potions
 d - 13 potions of curing
 f - a potion of flight {unknown}
 l - 3 potions of mutation {unknown}
 r - 6 potions of haste
 s - 2 potions of lignification {unknown}
 x - 3 potions of brilliance
 z - 2 potions of magic
 A - a potion of attraction {unknown}
 B - a potion of cancellation {unknown}
 C - a potion of ambrosia {unknown}
 I - a potion of might


   Skills:
 + Level 11.8 Fighting
 - Level 2.6 Armour
 - Level 2.6 Shields
 * Level 15.5 Unarmed Combat
 + Level 4.6 Invocations


You had 10 spell levels left.
You didn't know any spells.
Your spell library contained the following spells:

 Spells                   Type           Power        Failure   Level
 Animate Skeleton         Necr           0%           100%        1
 Apportation              Tloc           0%           100%        1
 Corona                   Hex            0%           100%        1
 Pain                     Necr           0%           100%        1
 Summon Small Mammal      Summ           0%           100%        1
 Vampiric Draining        Necr           0%           100%        3
 Animate Dead             Necr           0%           100%        4
 Agony                    Necr           0%           100%        5


Dungeon Overview and Level Annotations

Branches:
Dungeon (12/15)            Temple (0/1) D:6            Lair (0/6) D:10
    Orc (0/2) D:12        Ossuary (visited)          Bailey (visited)

Altars:
Ashenzari
Cheibriados
Elyvilon
Gozag
Hepliaklqana
Kikubaaqudgha
Makhleb
Nemelex Xobeh
Qazlal
Ru
Uskayaw
Xom
Yredelemnul
Zin

Shops:
D:8 !}   D:10 *   D:12 ?

Annotations:
D:8 3 runed translucent doors, Frask's ghost, novice OgBe
D:11 2 transporters, ardl's ghost, journeyman BaFi
D:12 1 runed translucent door


Innate Abilities, Weirdness & Mutations

You thrive by killing the living.
You are immune to poison.
You have sharp fingernails.
Your flesh is cold resistant. (rC+)
You are immune to negative energy. (rN+++)
You do not regenerate when monsters are visible.
You are immune to unholy pain and torment.
You can survive without breathing.
Your life essence is reduced to manifest your ancestor. (-10% HP)


Message History

The cyclops is moderately wounded.
You block something's attack.
Deactivating autopickup; reactivate with Ctrl-A.
The wraith hits you. The cyclops hits you!!
You are too injured to fight recklessly!
Unknown command.
Hepliaklqana grants Yamum healing and protection!
You can no longer drain nearby creatures when transferring your ancestor.
You hear a splashing noise.
Yamum barely misses the wraith.
The troll barely misses Yamum. x2
The troll claws Yamum!
The wraith hits you.
* * * LOW HITPOINT WARNING * * *
The wraith drains your vigour!
You feel yourself slow down.
You punch the cyclops!
The cyclops is severely wounded.
A blink frog appears out of thin air!
Reactivating autopickup.
Yamum hits the wraith but does no damage.
The cyclops hits you!!
You die...

#####...# .....
#..(....# .....
#######<# ...)..
#)# ...... #)#
......#########
#)#
$.....T>...[..#
#)#
...$..CR......#
#.# ###
#≈≈...W@.(....#
#)# ..
##≈≈F≈≈#####(.#
#.# . #####≈
#..# #)# ## #..#
#.# #..##
###.### ###
#...# #.)....
#####≈# #...#
#.##### ##≈≈≈≈≈#
#...# #.#
#≈≈#.#######...#
#.#


You could see the friendly Yamum the hexer (idealised), a cyclops, a troll, a
blink frog and a wraith.

Vanquished Creatures
  Erolcha (D:9)
  A two-headed ogre (D:12)
  A manticore (D:7)
  2 trolls (D:9)
  15 yaks
  A basilisk (D:11)
  A vampire (D:11)
  5 humans (D:9)
  A steam dragon (D:9)
  2 black bears
  A water moccasin (D:5)
  13 orc warriors
  A phantom (D:11)
  4 ice beasts
  A hornet zombie (D:8)
  8 ogres
  A big kobold (D:10)
  3 bullfrogs
  2 water moccasin zombies (Ossuary)
  3 scorpions
  7 wights
  3 howler monkeys
  3 electric eels (D:10)
  A centaur zombie (D:12)
  3 bullfrog zombies
  A centaur skeleton (D:6)
  3 jellies
  6 orc priests
  4 bullfrog skeletons
  3 hounds
  5 orc wizards
  A hexer (D:12)
  4 iguanas
  14 worker ants
  A killer bee zombie (D:8)
  A big kobold zombie (Ossuary)
  2 mummies (Ossuary)
  A hound zombie (D:5)
  Robin (D:4)
  A howler monkey zombie (D:5)
  8 adders
  5 gnolls
  4 shadow imps
  4 white imps
  An ufetubus (D:7)
  3 oozes
  4 adder zombies
  3 adder skeletons
  2 worms (D:4)
  3 dart slugs
  4 leopard geckos
  39 orcs
  9 giant cockroaches
  2 gnoll zombies (Ossuary)
  9 goblins
  8 hobgoblins
  6 jackals
  3 quokkas
  8 bats
  3 frilled lizards
  3 hobgoblin zombies (Ossuary)
  8 kobolds
  4 kobold zombies (Ossuary)
  4 orc zombies (Ossuary)
  A quokka skeleton (D:4)
  8 rats
  A rat zombie (D:2)
289 creatures vanquished.

Vanquished Creatures (collateral kills)
  A boulder beetle (D:11)
  A cyclops (D:12)
  A yak (D:11)
  2 bullfrogs
  A water moccasin zombie (Ossuary)
  An electric eel (D:10)
  2 hounds
  An orc priest (D:10)
  A worker ant (D:6)
  2 big kobold zombies (Ossuary)
  3 gnolls
  An adder (D:7)
  A white imp (D:7)
  An adder zombie (Ossuary)
  8 orcs
  A bat (D:3)
  5 goblins
  A hobgoblin (D:4)
  4 jackals (D:4)
  A kobold (D:3)
  2 goblin zombies (D:4)
  A hobgoblin zombie (Ossuary)
  3 orc zombies (Ossuary)
  A quokka skeleton (D:5)
  A rat (D:3)
47 creatures vanquished.

Vanquished Creatures (others)
  A wight (D:6)
  6 hexers
  3 ancestors
  A hobgoblin zombie (Ossuary)
11 creatures vanquished.

Grand Total: 347 creatures vanquished

Notes
Turn   | Place    | Note
-------+----------+-------------------------------------------
     0 | D:1      | stormannn the Ghoul Fighter began the quest for the Orb.
     0 | D:1      | Reached XP level 1. HP: 19/19 MP: 0/0
   264 | D:1      | Reached XP level 2. HP: 26/26 MP: 1/1
   530 | D:1      | Reached skill level 3 in Unarmed Combat
   871 | D:2      | Reached XP level 3. HP: 33/33 MP: 2/2
   884 | D:2      | Found a glowing silver altar of Zin.
  1103 | D:2      | Reached skill level 4 in Unarmed Combat
  1103 | D:2      | Reached XP level 4. HP: 40/40 MP: 3/3
  1107 | D:2      | Found a hazy altar of Hepliaklqana.
  1206 | D:2      | Found a sparkling altar of Nemelex Xobeh.
  1325 | D:2      | Found an ancient bone altar of Kikubaaqudgha.
  1389 | D:2      | Became a worshipper of Hepliaklqana the Forgotten
  1500 | D:3      | Reached XP level 5. HP: 39/42 MP: 4/4
  1526 | D:3      | Reached skill level 5 in Unarmed Combat
  2522 | D:4      | Noticed a black bear
  2523 | D:4      | Reached * piety under Hepliaklqana
  2532 | D:4      | Killed a black bear
  2533 | D:4      | Reached skill level 5 in Fighting
  2533 | D:4      | Reached skill level 6 in Unarmed Combat
  2533 | D:4      | Reached XP level 6. HP: 35/50 MP: 5/5
  2642 | D:4      | Found a sand-covered staircase.
  2653 | Ossuary  | Entered an ossuary
  2738 | Ossuary  | Reached XP level 7. HP: 52/54 MP: 6/6
  2787 | Ossuary  | Reached skill level 7 in Unarmed Combat
  3013 | D:4      | Noticed Robin
  3039 | D:4      | Killed Robin
  3178 | D:4      | Found an opulent altar of Gozag.
  3798 | D:5      | Entered Level 5 of the Dungeon
  3821 | D:5      | Found the +8 Wrath of Trog {antimagic, *Rage}
  3844 | D:5      | Reached skill level 8 in Unarmed Combat
  3844 | D:5      | Reached XP level 8. HP: 55/63 MP: 7/7
  3981 | D:5      | Reached skill level 9 in Unarmed Combat
  4429 | D:5      | Found a snail-covered altar of Cheibriados.
  4640 | D:5      | Reached ** piety under Hepliaklqana
  4641 | D:5      | Remembered your ancestor Yamum as a hexer
  4874 | D:6      | Reached skill level 10 in Unarmed Combat
  5171 | D:5      | Reached XP level 9. HP: 54/72 MP: 8/8
  5375 | D:6      | Found a staircase to the Ecumenical Temple.
  5546 | D:6      | Found a shimmering altar of Xom.
  5634 | D:6      | Found a broken altar of Ashenzari.
  5634 | D:6      | Found a basalt altar of Yredelemnul.
  6306 | D:7      | Reached skill level 11 in Unarmed Combat
  6461 | D:7      | Noticed a manticore
  6478 | D:7      | Killed a manticore
  7034 | D:7      | Reached *** piety under Hepliaklqana
  7314 | D:7      | You fall into a shaft and drop 1 floor!
  7358 | D:8      | Found Iharanu's Gadget Boutique.
  7483 | D:8      | Reached skill level 12 in Unarmed Combat
  7581 | D:8      | Found Piurier's Distillery.
  7592 | D:8      | Bought 2 potions of curing for 66 gold pieces
  7592 | D:8      | Bought a potion of heal wounds for 55 gold pieces
  7592 | D:8      | Bought a potion of curing for 33 gold pieces
  7592 | D:8      | Bought a potion of curing for 33 gold pieces
  7738 | D:8      | Noticed a two-headed ogre
  7961 | D:8      | Found a runed translucent gate.
  7961 | D:8      | Found a runed translucent gate.
  7961 | D:8      | Found a runed translucent gate.
  7961 | D:8      | Noticed Frask's ghost (novice OgBe)
  8165 | D:8      | Found a hide-covered altar of Uskayaw.
  8279 | D:9      | Noticed a troll
  8286 | D:9      | Killed a troll
  8287 | D:9      | Reached XP level 10. HP: 60/81 MP: 9/9
  8572 | D:9      | Found a white marble altar of Elyvilon.
  8583 | D:9      | Found a sacrificial altar of Ru.
  8608 | D:9      | Reached **** piety under Hepliaklqana
  8662 | D:9      | Reached skill level 13 in Unarmed Combat
  8899 | D:9      | Found a burning altar of Makhleb.
  8923 | D:9      | Noticed Erolcha
  8948 | D:9      | Killed Erolcha
  8949 | D:9      | Reached skill level 10 in Fighting
  9562 | D:10     | Entered Level 10 of the Dungeon
  9787 | D:10     | Reached skill level 14 in Unarmed Combat
  9898 | D:10     | Reached XP level 11. HP: 85/90 MP: 10/10
  9946 | D:10     | Found Konast's Assorted Antiques.
 10528 | D:10     | Found a staircase to the Lair.
 10841 | D:11     | Found a stormy altar of Qazlal.
 10902 | D:11     | Reached skill level 1 in Invocations
 10988 | D:11     | Noticed a boulder beetle
 11023 | D:11     | Killed a boulder beetle
 11378 | D:11     | Found a flagged portal.
 11441 | Bailey   | Entered a bailey
 12036 | D:11     | Reached skill level 15 in Unarmed Combat
 12267 | D:11     | Reached ***** piety under Hepliaklqana
 12267 | D:11     | Found a transporter.
 12309 | D:11     | Noticed ardl's ghost (journeyman BaFi)
 12331 | D:11     | Found a transporter.
 12646 | D:12     | Noticed a two-headed ogre
 12654 | D:12     | Killed a two-headed ogre
 12709 | D:12     | Found Weshi's Magic Scroll Shop.
 12725 | D:12     | Noticed a cyclops
 12741 | D:12     | Killed a cyclops
 13293 | D:12     | Found a staircase to the Orcish Mines.
 13380 | D:12     | Found a runed translucent door.
 13484 | D:12     | Noticed a cyclops
 13492 | D:12     | Mangled by a cyclops

Illustrated notes

Levels and vault maps discovered:
D:1:      matt_arrival_los_fun, layout_loops_ring, solitary_fountain
D:2:      layout_basic, lemuel_round_altar, lemuel_doored_altar,
          lemuel_zombie_altar_kikubaaqudgha, nemelex_lonely_heart_becter
D:3:      layout_basic
D:4:      layout_loops_ring, kennysheep_mini_moat, enter_ossuary_4,
          minmay_box_of_dots, uniq_robin
D:5:      layout_basic, kennysheep_little_box
D:6:      layout_cave_pods, tgw_xom, gammafunk_temple_overflow_elements,
          minmay_temple_entry_grid
D:7:      layout_basic
D:8:      layout_basic, nicolae_overflow_hidden_temple,
          ebering_ghost_rock_garden, serial_shops, shop, shop
D:9:      layout_roguey, lemuel_round_altar, amethyst_overflow_temple_binary,
          minmay_ruffians, uniq_erolcha
D:10:     layout_basic, lair_entry_dummy, serial_shops, shop,
          hangedman_glass_teeth, dk_noncrumbling_2
D:11:     layout_loops_ring, enter_bailey_6, gammafunk_ghost_abyssal_escape,
          nicolae_qazlal_style_of_elements
D:12:     layout_small_grid, david_orc_4, muffindrake_ghost_dual_entry,
          serial_shops, nicolae_shop_stone, lightli_airlock

Skill      XL: |  1  2  3  4  5  6  7  8  9 10 11 |
---------------+----------------------------------+-----
Unarmed Combat | 3 4 6 8 10 12 14 15 | 15.5
Fighting       | 4 5 6 7 9 10 11 | 11.8
Invocations    | 4 |  4.6
Armour         | |  2.6
Shields        | |  2.6

Action                   |  1- 3 |  4- 6 |  7- 9 | 10-12 || total
-------------------------+-------+-------+-------+-------++-------
Melee: Unarmed           |    90 |   165 |   347 |   360 ||   962
Invok: Ancestor Identity |       |     1 |       |       ||     1
       Ancestor Life: He |       |       |     1 |       ||     1
       Recall Ancestor   |       |       |     1 |       ||     1
       Idealise          |       |       |       |     1 ||     1
  Use: Scroll            |       |       |    16 |       ||    16
       Potion            |       |       |     3 |     6 ||     9
 Stab: Distracted        |       |     1 |     1 |     5 ||     7
       Confused          |       |       |     5 |     8 ||    13
Armor: Scale mail        |    42 |    70 |   125 |    97 ||   334
Dodge: Dodged            |    19 |    54 |    69 |    79 ||   221
Block: Kite shield       |    35 |    81 |   144 |   124 ||   384

Table legend: (Time is in decaauts)
 A = Elapsed time spent in this place.
 B = Non-inter-level travel time spent in this place.
 C = Inter-level travel time spent in this place.
 D = Time resting spent in this place.
 E = Time spent auto-exploring this place.
 F = Levels seen in this place.
 G = Mean time per level.
                   A        B        C        D        E       F      G
               +--------+--------+--------+--------+--------+-----+--------+
         Total |  13375 |  12968 |    407 |   2522 |   8231 |  14 |  955.4 |
       Dungeon |  12869 |  12462 |    407 |   2409 |   8015 |  12 | 1072.4 |
       Ossuary |    304 |    304 |      0 |      0 |    186 |   1 |  304.0 |
        Bailey |    202 |    202 |      0 |    113 |     29 |   1 |  202.0 |
               +--------+--------+--------+--------+--------+-----+--------+

Top non-repeatable levels by time:
    D:11: 1818 daAuts
     D:9: 1308 daAuts
     D:5: 1304 daAuts
    D:10: 1226 daAuts
     D:7: 1181 daAuts
     D:6: 1091 daAuts
     D:3: 1083 daAuts
     D:4: 986 daAuts
     D:8: 854 daAuts
     D:1: 771 daAuts
     D:2: 646 daAuts
    D:12: 595 daAuts
 Ossuary: 304 daAuts
  Bailey: 202 daAuts
